 Dungeon Crawl Stone Soup version 0.21.1-1-g345015f (webtiles) character file.

939 tidbits the Insei (level 8, -1/60 HPs)
             Began as a Gnoll Transmuter on Feb 19, 2018.
             Was a Follower of Cheibriados.
             Slain by a centaur skeleton (3 damage)
             ... on level 8 of the Dungeon.
             The game lasted 00:08:21 (862 turns).

tidbits the Insei (Gnoll Transmuter)                 Turns: 862, Time: 00:08:21

Health: -1/60      AC:  2    Str: 14    XL:     8   Next: 12%
Magic:  14/16      EV: 25    Int: 19    God:    Cheibriados [*.....]
Gold:   113        SH:  0    Dex: 24    Spells: 10/18 levels left

rFire    . . .     SeeInvis .     - Unarmed
rCold    . . .     Gourm    .   (shield currently unavailable)
rNeg     . . .     Faith    .   (armour currently unavailable)
rPois    x         Spirit   .   (helmet currently unavailable)
rElec    .         Reflect  .   (cloak currently unavailable)
rCorr    .         Harm     .   (gloves currently unavailable)
MR       .....                  (boots currently unavailable)
Stlth    +++.......             (no amulet)
HPRegen  0.20/turn              (no ring)
MPRegen  0.15/turn              (no ring)

@: spider-form, very slow
A: tiny, distributed training, strong nose
a: End Transformation, Bend Time, Renounce Religion


You were on level 8 of the Dungeon.
You worshipped Cheibriados.
Cheibriados was aware of your devotion.
You were full.
You were a venomous arachnid creature.
You visited 2 branches of the dungeon, and saw 9 of its levels.

You collected 113 gold pieces.

Inventory:

Hand Weapons
 h - a cursed -2 falchion
 n - a +0 battleaxe
 s - a +0 flail of protection
   (You took it off an orc on level 5 of the Dungeon)
 z - a cursed -2 dagger
Missiles
 a - 10 tomahawks (quivered)
 m - 7 curare-tipped needles
 A - 4 silver tomahawks
Armour
 b - a +0 robe (melded)
 g - a +0 ring mail
 y - a +0 pair of gloves
Wands
 i - a wand of flame (15)
 j - a wand of enslavement (14)
 o - a wand of iceblast (12)
 p - a wand of paralysis (13)
Scrolls
 f - 3 scrolls of identify
 k - a scroll of remove curse {unknown}
 q - a scroll of enchant armour {unknown}
 r - a scroll of immolation {unknown}
 t - 2 scrolls of amnesia {unknown}
 v - a scroll of enchant weapon {unknown}
Potions
 e - a potion of ambrosia {unknown}
 l - a potion of lignification {unknown}
 w - a potion of might
 x - a potion of curing
Books
 c - a book of Changes

   Spells                             Type                      Level
   a - Beastly Appendage              Transmutation                1
   b - Sticks to Snakes               Transmutation                2
   c - Spider Form                    Transmutation/Poison         3
   d - Ice Form                       Ice/Transmutation            4
   e - Blade Hands                    Transmutation                5
 u - a book of Misfortune
   (You found it on level 6 of the Dungeon)

   Spells                             Type                      Level
   a - Confusing Touch                Hexes                        1
   b - Confuse                        Hexes                        3
   c - Gell's Gravitas                Translocation                3
   d - Petrify                        Transmutation/Earth          4
   e - Metabolic Englaciation         Hexes/Ice                    5
   f - Yara's Violent Unravelling     Hexes/Transmutation          5
Comestibles
 d - 6 rations


   Skills:
 + Level 3.9 Fighting
 + Level 2.9 Short Blades
 + Level 2.9 Long Blades
 + Level 2.9 Axes
 + Level 2.9 Maces & Flails
 + Level 2.9 Polearms
 + Level 2.9 Staves
 + Level 2.9 Slings
 + Level 2.9 Bows
 + Level 2.9 Crossbows
 + Level 2.9 Throwing
 + Level 2.9 Armour
 + Level 5.4 Dodging
 + Level 2.9 Stealth
 + Level 2.9 Shields
 + Level 7.2 Unarmed Combat
 + Level 5.8 Spellcasting
 + Level 2.3 Conjurations
 + Level 2.3 Hexes
 + Level 2.3 Charms
 + Level 2.3 Summonings
 + Level 2.3 Necromancy
 + Level 2.3 Translocations
 + Level 4.5 Transmutations
 + Level 2.3 Fire Magic
 + Level 2.3 Ice Magic
 + Level 2.3 Air Magic
 + Level 2.3 Earth Magic
 + Level 2.3 Poison Magic
 + Level 3.2 Invocations
 + Level 2.9 Evocations


You had 10 spell levels left.
You knew the following spells:

 Your Spells              Type           Power        Failure   Level  Hunger
e - Beastly Appendage     Tmut           ###...       8%          1    None
k - Sticks to Snakes      Tmut           ###.....     10%         2    None
n - Animate Skeleton      Necr           N/A          13%         1    None
p - Spider Form           Tmut/Pois      ###.......   22%         3    ##.....
A - Apportation           Tloc           ##....       13%         1    None


Dungeon Overview and Level Annotations

Branches:
Dungeon (8/15)             Temple (1/1) D:6
   Lair: D:8-11

Altars:
Cheibriados
Dithmenos
Fedhas
Gozag
Makhleb
Nemelex Xobeh
Okawaru
Qazlal
Ru
Uskayaw
Xom
Zin
The Shining One

Shops:
D:5 :   D:6 }

Annotations:
D:6 exclusion: moth of wrath
D:8 Grum, Pikel


Innate Abilities, Weirdness & Mutations

Your experience applies equally to all skills.
((You have very sharp teeth.))
Your uncanny sense of smell can sniff out nearby items.


Message History

Grum completely misses you. The crimson imp closely misses you.
You closely miss the crimson imp. Grum closely misses you.
The crimson imp hits you.
A slave comes into view.
You hit the gnoll.
The gnoll looks as sick as possible!
The gnoll is heavily wounded.
The gnoll hits you with a club. The gnoll completely misses you.
Grum completely misses you.
You bite the gnoll!
You kill the gnoll!
Cheibriados appreciates the change of pace.
You have reached level 8!
You feel agile.
Your transformation has ended.
Your +0 robe unmelds from your body.
The crimson imp closely misses you. The gnoll misses you.
A slave comes into view.
Evoke which item? (* to show all) (? for menu, Esc to quit)
Aiming: Enslavement
Press: ? - help, Shift-Dir - straight line, f - gnoll
Aim: a gnoll (chance to defeat MR: 62%)
The gnoll is charmed.
The wolf completely misses your gnoll. Grum closely misses you.
The crimson imp hits you. The wolf closely misses your gnoll.
The gnoll barely misses your gnoll.
Your gnoll hits the crimson imp with a halberd!
The crimson imp dies!
Cheibriados appreciates the change of pace.
Cheibriados slows and strengthens your metabolism.
Cheibriados raises the support of your attributes as your movement slows.
Your gnoll looks more experienced.
Evoke which item? (* to show all) (? for menu, Esc to quit)
Aiming: Enslavement
Press: ? - help, Shift-Dir - straight line, f - Grum, p - gnoll
Aim: Grum, wielding a spear and wearing an animal skin (chance to defeat MR: 62%) Grum resists with significant effort.
The wolf bites your gnoll! Grum hits you from afar with a spear.
The wolf bites you. The wolf bites your gnoll. The gnoll hits your gnoll!
Your gnoll dies!
The gnoll looks more experienced.
A slave comes into view.
Casting: Spider Form
Confirm with . or Enter, or press ? or * to list all spells.
You turn into a venomous arachnid creature.
Your +0 robe melds into your body.
The slave shouts!
Grum barely misses you. The wolf closely misses you.
The wolf barely misses you.
Found a scroll of identify and 19 stones.
You bite the wolf!
The wolf looks as sick as possible!
The wolf is heavily wounded.
The wolf misses you.
You closely miss the wolf.
The wolf is severely wounded.
The wolf bites you! The wolf bites you but does no damage.
You closely miss the wolf.
The wolf is severely wounded.
The wolf completely misses you. The wolf bites you!
* * * LOW HITPOINT WARNING * * *
The wolf barely misses you.
You hit the wolf.
You kill the wolf!
Cheibriados thoroughly appreciates the change of pace.
The wolf completely misses you.
You hit the wolf.
The wolf is lightly wounded.
The wolf completely misses you.
The centaur skeleton completely misses you.
You hit the wolf but do no damage.
The wolf is poisoned.
The wolf is lightly wounded.
The wolf completely misses you.
The centaur skeleton closely misses you.
You hit the wolf.
The wolf looks as sick as possible!
The wolf is moderately wounded.
The wolf bites you.
* * * LOW HITPOINT WARNING * * *
The wolf closely misses you.
The centaur skeleton completely misses you.
You barely miss the wolf.
The wolf is heavily wounded.
The wolf completely misses you.
The centaur skeleton closely misses you.
Grum misses you.
You closely miss the wolf.
The wolf is heavily wounded.
The wolf barely misses you. The centaur skeleton misses you.
The wolf completely misses you. Grum misses you.
You miss the wolf.
The wolf is heavily wounded.
The wolf completely misses you.
The centaur skeleton completely misses you.
Grum misses you.
You barely miss the wolf.
The wolf is heavily wounded.
The wolf completely misses you. The centaur skeleton barely misses you.
The wolf barely misses you. Grum hits you from afar with a spear!
* * * LOW HITPOINT WARNING * * *
You closely miss the wolf.
The wolf is severely wounded.
The centaur skeleton hits you.
You die...

#.........
#.........
#..5......
#.........
#.<.......
######pp.......
.pp..pKg#######
#######hZh#####.#
###s.......
..........!.###
...(.?#######
######


You could see Grum, Pikel, 3 slaves, a wolf, a hound and a centaur skeleton.

Vanquished Creatures
  A black bear (D:6)
  2 necrophages (D:7)
  2 wolves (D:8)
  2 bullfrogs (D:6)
  A scorpion (D:5)
  A centaur zombie (D:5)
  A jelly (D:5)
  An orc priest (D:6)
  A hound (D:7)
  An orc wizard (D:6)
  An iguana (D:7)
  4 worker ants
  A worker ant zombie (D:7)
  A gnoll (D:8)
  2 adders
  An adder zombie (D:5)
  A dart slug (D:1)
  4 orcs
  A ball python (D:4)
  A hobgoblin (D:1)
  2 jackals (D:1)
  A quokka skeleton (D:6)
  A rat (D:3)
34 creatures vanquished.

Vanquished Creatures (collateral kills)
  A crimson imp (D:8)
  An adder (D:6)
2 creatures vanquished.

Vanquished Creatures (others)
  A gnoll (D:8)
  A rat (D:2)
2 creatures vanquished.

Grand Total: 38 creatures vanquished

Notes
Turn   | Place    | Note
-------+----------+-------------------------------------------
     0 | D:1      | tidbits the Gnoll Transmuter began the quest for the Orb.
     0 | D:1      | Reached XP level 1. HP: 17/17 MP: 6/6
    38 | D:1      | Reached XP level 2. HP: 17/23 MP: 7/7
    42 | D:1      | Learned a level 2 spell: Sticks to Snakes
    81 | D:4      | Reached skill level 5 in Spellcasting
    81 | D:4      | Reached XP level 3. HP: 21/28 MP: 4/9
    86 | D:4      | Learned a level 3 spell: Spider Form
   100 | D:4      | Found a burning altar of Makhleb.
   136 | D:3      | Found a sacrificial altar of Ru.
   165 | D:5      | Entered Level 5 of the Dungeon
   171 | D:5      | Found a shadowy altar of Dithmenos.
   183 | D:5      | Reached skill level 1 in Short Blades
   183 | D:5      | Reached skill level 1 in Long Blades
   183 | D:5      | Reached skill level 1 in Axes
   183 | D:5      | Reached skill level 1 in Maces & Flails
   183 | D:5      | Reached skill level 1 in Polearms
   183 | D:5      | Reached skill level 1 in Staves
   183 | D:5      | Reached skill level 1 in Slings
   183 | D:5      | Reached skill level 1 in Bows
   183 | D:5      | Reached skill level 1 in Crossbows
   183 | D:5      | Reached skill level 1 in Throwing
   183 | D:5      | Reached skill level 1 in Armour
   183 | D:5      | Reached skill level 1 in Stealth
   183 | D:5      | Reached skill level 1 in Shields
   183 | D:5      | Reached skill level 1 in Invocations
   183 | D:5      | Reached skill level 1 in Evocations
   188 | D:5      | Noticed a scorpion
   194 | D:5      | Killed a scorpion
   194 | D:5      | Reached skill level 1 in Conjurations
   194 | D:5      | Reached skill level 1 in Hexes
   194 | D:5      | Reached skill level 1 in Charms
   194 | D:5      | Reached skill level 1 in Summonings
   194 | D:5      | Reached skill level 1 in Necromancy
   194 | D:5      | Reached skill level 1 in Translocations
   194 | D:5      | Reached skill level 1 in Fire Magic
   194 | D:5      | Reached skill level 1 in Ice Magic
   194 | D:5      | Reached skill level 1 in Air Magic
   194 | D:5      | Reached skill level 1 in Earth Magic
   194 | D:5      | Reached skill level 1 in Poison Magic
   194 | D:5      | Reached XP level 4. HP: 34/34 MP: 3/11
   234 | D:5      | Reached XP level 5. HP: 40/40 MP: 0/12
   243 | D:6      | Reached skill level 3 in Fighting
   243 | D:6      | Reached skill level 4 in Transmutations
   265 | D:6      | Noticed a black bear
   274 | D:6      | Killed a black bear
   274 | D:6      | Reached skill level 2 in Invocations
   274 | D:6      | Reached XP level 6. HP: 27/47 MP: 0/14
   285 | D:6      | Found Jauth's Gadget Shoppe.
   295 | D:6      | Found a staircase to the Ecumenical Temple.
   300 | D:6      | Reached skill level 5 in Dodging
   307 | Temple   | Entered the Ecumenical Temple
   321 | Temple   | Became a worshipper of Cheibriados the Contemplative
   409 | D:5      | Found Puviff's Book Shop.
   429 | D:5      | Reached skill level 2 in Short Blades
   429 | D:5      | Reached skill level 2 in Long Blades
   429 | D:5      | Reached skill level 2 in Axes
   429 | D:5      | Reached skill level 2 in Maces & Flails
   429 | D:5      | Reached skill level 2 in Polearms
   429 | D:5      | Reached skill level 2 in Staves
   429 | D:5      | Reached skill level 2 in Slings
   429 | D:5      | Reached skill level 2 in Bows
   429 | D:5      | Reached skill level 2 in Crossbows
   429 | D:5      | Reached skill level 2 in Throwing
   429 | D:5      | Reached skill level 2 in Armour
   429 | D:5      | Reached skill level 2 in Stealth
   429 | D:5      | Reached skill level 2 in Shields
   429 | D:5      | Reached skill level 2 in Evocations
   495 | D:6      | Found a blossoming altar of Fedhas.
   514 | D:6      | Reached XP level 7. HP: 41/52 MP: 10/15
   552 | D:6      | Noticed a moth of wrath
   653 | D:7      | Reached skill level 7 in Unarmed Combat
   686 | D:7      | Learned a level 1 spell: Animate Skeleton
   688 | D:7      | Learned a level 1 spell: Apportation
   711 | D:7      | Reached skill level 2 in Conjurations
   711 | D:7      | Reached skill level 2 in Hexes
   711 | D:7      | Reached skill level 2 in Charms
   711 | D:7      | Reached skill level 2 in Summonings
   711 | D:7      | Reached skill level 2 in Necromancy
   711 | D:7      | Reached skill level 2 in Translocations
   711 | D:7      | Reached skill level 2 in Fire Magic
   711 | D:7      | Reached skill level 2 in Ice Magic
   711 | D:7      | Reached skill level 2 in Air Magic
   711 | D:7      | Reached skill level 2 in Earth Magic
   711 | D:7      | Reached skill level 2 in Poison Magic
   831 | D:8      | Noticed Grum
   841 | D:8      | Noticed Pikel
   843 | D:8      | Reached skill level 3 in Invocations
   846 | D:8      | Reached XP level 8. HP: 45/60 MP: 16/16
   847 | D:8      | Reached * piety under Cheibriados
   861 | D:8      | HP: 2/60 [Grum/spear (16)]
   862 | D:8      | Slain by a centaur skeleton

Skill      XL: |  1  2  3  4  5  6  7 |
---------------+----------------------+-----
Spellcasting   | 5 |  5.8
Short Blades   | 1 2 |  2.9
Long Blades    | 1 2 |  2.9
Axes           | 1 2 |  2.9
Maces & Flails | 1 2 |  2.9
Polearms       | 1 2 |  2.9
Staves         | 1 2 |  2.9
Slings         | 1 2 |  2.9
Bows           | 1 2 |  2.9
Crossbows      | 1 2 |  2.9
Throwing       | 1 2 |  2.9
Armour         | 1 2 |  2.9
Stealth        | 1 2 |  2.9
Shields        | 1 2 |  2.9
Invocations    | 1 2 3 |  3.2
Evocations     | 1 2 |  2.9
Conjurations   | 1 2 |  2.3
Hexes          | 1 2 |  2.3
Charms         | 1 2 |  2.3
Summonings     | 1 2 |  2.3
Necromancy     | 1 2 |  2.3
Translocations | 1 2 |  2.3
Fire Magic     | 1 2 |  2.3
Ice Magic      | 1 2 |  2.3
Air Magic      | 1 2 |  2.3
Earth Magic    | 1 2 |  2.3
Poison Magic   | 1 2 |  2.3
Fighting       | 3 |  3.9
Transmutations | 4 |  4.5
Dodging        | 5 |  5.4
Unarmed Combat | 7 |  7.2

Action                   |  1- 3 |  4- 6 |  7- 9 || total
-------------------------+-------+-------+-------++-------
Melee: Unarmed           |    29 |    35 |    64 ||   128
       Headbutt          |     3 |       |       ||     3
       Bite              |     2 |     2 |       ||     4
 Cast: Beastly Appendage |     4 |       |       ||     4
       Sticks to Snakes  |     3 |     6 |       ||     9
       Spider Form       |     1 |     7 |     8 ||    16
       Apportation       |       |       |     2 ||     2
Evoke: Wand              |       |       |     2 ||     2
  Use: Scroll            |       |       |     2 ||     2
 Stab: Sleeping          |     1 |     1 |       ||     2
  Eat: Ration            |       |       |     2 ||     2
Armor: Robe              |     5 |     2 |       ||     7
       Skin              |       |     1 |     3 ||     4
Dodge: Dodged            |    15 |    37 |    84 ||   136

Table legend:
 A = Turns spent in this place as a percentage of turns spent in the entire game.
 B = Non-inter-level travel turns spent in this place as a percentage of non-inter-level travel turns spent in the entire game.
 C = Inter-level travel turns spent in this place as a percentage of turns spent in this place.
 D = Turns resting spent in this place as a percentage of non-inter-level travel turns spent in this place.
 E = Turns spent auto-exploring this place as a percentage of non-inter-level travel turns spent in this place.
 F = Non-inter-level travel turns spent in this place divided by the number of levels of this place that you've seen.
                   A       B       C       D       E      F
               +-------+-------+-------+-------+-------+----------------------
         Total | 100.0 | 100.0 |   1.4 |   0.0 |   0.0 |  94.4
       Dungeon |  96.8 |  98.1 |   0.0 |   0.0 |   0.0 | 104.2
        Temple |   3.2 |   1.9 |  42.9 |   0.0 |   0.0 |  16.0
               +-------+-------+-------+-------+-------+----------------------

Table legend:
 A = Kills in this place as a percentage of kills in entire the game.
 B = Kills by you in this place as a percentage of kills by you in the entire game.
 C = Kills by friends in this place as a percentage of kills by friends in the entire game.
 D = Other kills in this place as a percentage of other kills in the entire game.
 E = Experience gained in this place as a percentage of experience gained in the entire game.
 F = Experience gained in this place divided by the number of levels of this place that you have seen.
                   A       B       C       D       E      F
               +-------+-------+-------+-------+-------+----------------------
         Total | 100.0 | 100.0 | 100.0 |   N/A | 100.0 | 149.1
       Dungeon | 100.0 | 100.0 | 100.0 |   N/A | 100.0 | 167.8
               +-------+-------+-------+-------+-------+----------------------

Vault maps used:
D:1:      saegor_arrival_simple_c, minmay_tetromino_o2
D:2:      lemuel_crystal_altar, lemuel_doored_altar, fiery_altar_vehumet,
          first_ration
D:3:      nicolae_ru_great_annihilating_truth, yredelemnul_altar_generic,
          minmay_box_of_dots
D:4:      kennysheep_little_box, elyvilon_altar_4, cheibrodos_ashenzari_chains
D:5:      kennysheep_mini_moat, serial_shops, shop_statue
D:6:      tgw_trog, kennysheep_mini, temple_fountains, serial_shops, shop,
          palyth_stone_intersect, columned_hall_lemuel, fedhas_altar_3
D:7:      amethyst_overflow_temple_binary
D:8:      uniq_pikel, uniq_grum
Temple:   jpeg_temple_island
